[Event "Early-Titled-Tuesday-Blitz-February-13-2024"]
[Site "Chess.com"]
[Date "2024.02.13"]
[Round "4"]
[White "manitodeplomo"]
[Black "Licancabur"]
[Result "0-1"]
[WhiteElo "2653"]
[BlackElo "2442"]
[TimeControl "180+1"]
[EndTime "8:41:41 PST"]
[Termination "Licancabur won by resignation"]

1. d4 d5 2. c4 dxc4 3. Nf3 Nf6 4. e3 Bg4 5. Bxc4 e6 6. h3 Bh5 7. Qb3 Bxf3 8. gxf3 Nbd7 9. Qxb7 c5 10. dxc5 Rb8 11.
Qxa7 Bxc5 12. Qa4 O-O 13. Nd2 Qb6 14. Qd1 Ne5 15. Qe2 Rfd8 16. f4 Qc6 17. f3 Rxd2 18.
Bxd2 Nxf3+ 19. Kf2 Nxd2 20. Rhd1 Nxc4 21. Rdc1 Rxb2 22.
Rc2 Rxc2 23. Qxc2 Bxe3+ 24. Ke2 Qg2+ 25. Kd3 Qe4+ 26. Kc3 Bd4+ 27. Kb3 Na5+ 0-1

[Event "Early-Titled-Tuesday-Blitz-February-13-2024"]
[Site "Chess.com"]
[Date "2024.02.13"]
[Round "4"]
[White "Fernando_Offermann"]
[Black "David_George21"]
[Result "1-0"]
[WhiteElo "2507"]
[BlackElo "2252"]
[TimeControl "180+1"]
[EndTime "8:41:43 PST"]
[Termination "Fernando_Offermann won by resignation"]

1. Nf3 c5 2. g3 g6 3. Bg2 Bg7 4. O-O d6 5. c4 Nc6 6. Nc3 e5 7. Ne1 Nge7 8. Nc2 O-O 9. Ne3 f5 10. a3 Be6 11. Ned5 f4 12. Rb1 Rc8 13. b4 b6 14. e3 g5 15. Re1 Qd7 16. d3 Bg4 17.
Nxe7+ Nxe7 18. f3 Bh3 19. exf4 Bxg2 20. Kxg2 gxf4 21. Ne4 Nf5 22. Bb2 Ne3+ 23. Rxe3 fxe3 24. Qe2 Bh6 25. Bc1 Kh8 26. Nc3 Qf5 27. Bxe3 Bxe3 28. Qxe3 Rc7 29. Rf1 Rcf7 30. Nd5 Qg6 31. Kh1 Qh5 32. Kg2 Qg6 33. Rf2 h5 34. h4 Rg8 35.
f4 Rfg7 36. Rf3 exf4 37. Nxf4 Qh6 38. Qe4 Qh7 39. Qd5 Re8 40. Nxh5 Rge7 41. Nf6 Re2+ 42. Kh3 Qg7 43. Qh5+ 1-0

[Event "Early-Titled-Tuesday-Blitz-February-13-2024"]
[Site "Chess.com"]
[Date "2024.02.13"]
[Round "4"]
[White "themind1hunter"]
[Black "nj123456"]
[Result "1-0"]
[WhiteElo "2511"]
[BlackElo "2270"]
[TimeControl "180+1"]
[EndTime "8:41:45 PST"]
[Termination "themind1hunter won by resignation"]

1. Nf3 Nf6 2. g3 e6 3. Bg2 d5 4. O-O Be7 5. d4 O-O 6. c4 c6 7. b3 Nbd7 8. Bb2 b6 9. Nc3 Bb7 10. Qc2 Rc8 11. e4 dxe4 12. Nxe4 Nxe4 13. Qxe4 Nf6 14.
Qe2 c5 15. Rfd1 Qc7 16. Ne5 Bxg2 17. Kxg2 Rfd8 18. Rd3 cxd4 19. Bxd4 Bc5 20. Rad1 Bxd4 21. Rxd4 Rxd4 22. Rxd4 Qb7+ 23. Qf3 Qxf3+ 24. Kxf3 Kf8 25. g4 h6 26. h4 Rc5 27. Nd7+ Nxd7 28. Rxd7 a6 29.
Ke4 b5 30. Kd4 Rc6 31. c5 Ke8 32. Ra7 Kf8 33. b4 g6 34. Rb7 Rc8 35. Ke5 Kg7 36. Rb6 Ra8 37. c6 a5 38. c7 Rc8 39. Kd6 axb4 40. Rb8 1-0

[Event "Early-Titled-Tuesday-Blitz-February-13-2024"]
[Site "Chess.com"]
[Date "2024.02.13"]
[Round "4"]
[White "Akewjon"]
[Black "NelsonLinda"]
[Result "1-0"]
[WhiteElo "2798"]
[BlackElo "2567"]
[TimeControl "180+1"]
[EndTime "8:41:48 PST"]
[Termination "Akewjon won by resignation"]

1. Nf3 Nf6 2. c4 g6 3. b3 Bg7 4. Bb2 b6 5. g3 Bb7 6. Bg2 O-O 7.
O-O c5 8. Nc3 d5 9. e3 dxc4 10.
bxc4 Nc6 11. Qe2 Rc8 12. d3 a6 13. Rfd1 Na7 14. Rab1 b5 15. a3 Qc7 16. Ba1 Bc6 17.
Nd2 Rfd8 18. Bxc6 Qxc6 19. Nb3 h5 20. cxb5 axb5 21. d4 c4 22. Nc5 h4 23. f3 hxg3 24.
hxg3 Nh5 25. Kg2 e5 26. N3e4 exd4 27. exd4 Re8 28. d5 Qb6 29. Bxg7 Nxg7 30. Qb2 Kf8 31. Nd7+ 1-0

[Event "Early-Titled-Tuesday-Blitz-February-13-2024"]
[Site "Chess.com"]
[Date "2024.02.13"]
[Round "4"]
[White "Predator0608"]
[Black "Elegance_Riks"]
[Result "1-0"]
[WhiteElo "2576"]
[BlackElo "2772"]
[TimeControl "180+1"]
[EndTime "8:41:48 PST"]
[Termination "Predator0608 won by resignation"]

1. e4 c5 2. Nf3 e6 3. d4 cxd4 4. Nxd4 Nc6 5. Nc3 Nf6 6. Nxc6 bxc6 7. e5 Nd5 8. Ne4 Qc7 9. f4 Bb7 10. c4 Bb4+ 11. Ke2 Ba6 12. Kf3 f5 13. Nd6+ Bxd6 14. exd6 Qxd6 15. cxd5 cxd5 16. Qd4 O-O 17. Bd2 Bb7 18.
Bb4 Qc6 19. Bxf8 Rxf8 20. Bd3 d6 21. Rac1 Qe8 22. Rhe1 Rf7 23. Kf2 Re7 24. Kg1 h6 25.
Qb4 Qd8 26. Rc2 a5 27. Qd4 Qe8 28. Rce2 Qf8 29. Rxe6 Rxe6 30. Rxe6 Qf7 31. Rxd6 1-0

[Event "Early-Titled-Tuesday-Blitz-February-13-2024"]
[Site "Chess.com"]
[Date "2024.02.13"]
[Round "4"]
[White "yuriydovzik"]
[Black "Zq1"]
[Result "0-1"]
[WhiteElo "2112"]
[BlackElo "2486"]
[TimeControl "180+1"]
[EndTime "8:41:49 PST"]
[Termination "Zq1 won on time"]

1. Nf3 Nf6 2. d4 e6 3. c4 a6 4. Nc3 c5 5. e4 cxd4 6. Nxd4 Qc7 7. Bd3 Bb4 8. Ne2 Nc6 9. O-O Bc5 10. Bf4 d6 11. h3 Ne5 12. Rc1 O-O 13. a3 Ng6 14. Bh2 Qe7 15. b4 Ba7 16. Bb1 Rd8 17. Nd4 Bd7 18.
Re1 Rac8 19. Ba2 Ne5 20. c5 dxc5 21. Bxe5 cxd4 22. Bxd4 Bc6 23. Bxf6 Qxf6 24. Qf3 Qxf3 25. gxf3 Bb8 26. Rcd1 Kf8 27. Kg2 Be5 28. Ne2 Bb2 29. Rxd8+ Rxd8 30. Rb1 Rd2 0-1

[Event "Early-Titled-Tuesday-Blitz-February-13-2024"]
[Site "Chess.com"]
[Date "2024.02.13"]
[Round "4"]
[White "Hanging_pointer"]
[Black "Yaacovn"]
[Result "1/2-1/2"]
[WhiteElo "2621"]
[BlackElo "2926"]
[TimeControl "180+1"]
[EndTime "8:41:51 PST"]
[Termination "Game drawn by repetition"]

1. d4 Nf6 2. c4 e5 3. dxe5 Ne4 4. Nf3 Nc6 5. Nbd2 Bb4 6. a3 Nxd2 7. Bxd2 Bxd2+ 8.
Qxd2 O-O 9. e3 Qe7 10. Be2 Nxe5 11. Nxe5 Qxe5 12. O-O d6 13. Bf3 Bd7 14. b4 Bc6 15. Bd5 Rab8 16. Rac1 Rfd8 17. Rfd1 Ba4 18. Re1 Be8 19. Rc3 h6 20. Rd3 Bd7 21. Rd4 Be6 22. Rd1 Qf6 23. Bf3 Re8 24. h3 Qg5 25. Kh2 a5 26. b5 b6 27. Bc6 Re7 28. f4 Qc5 29.
Qd3 f6 30. g4 Bf7 31. Kg3 g5 32. Re1 Kg7 33. h4 gxf4+ 34. Rxf4 Re5 35. Rd4 h5 36. Rf1 hxg4 37. Rxg4+ Kf8 38. Kf2 Ke7 39. Rg7 Rg8 40. Rfg1 Rxg7 41. Rxg7 Kf8 42. Rxf7+ Kxf7 43. Qh7+ Kf8 44.
Qh8+ Kf7 45. Qh7+ Kf8 46. Qh8+ Kf7 47. Qh7+ 1/2-1/2

[Event "Early-Titled-Tuesday-Blitz-February-13-2024"]
[Site "Chess.com"]
[Date "2024.02.13"]
[Round "4"]
[White "FLYD"]
[Black "cycygogne"]
[Result "1-0"]
[WhiteElo "1969"]
[BlackElo "2251"]
[TimeControl "180+1"]
[EndTime "8:41:52 PST"]
[Termination "FLYD won by resignation"]

1. e4 d5 2. exd5 Qxd5 3. Nc3 Qd6 4. d4 Nf6 5. Nf3 Bg4 6. Bc4 Nc6 7. Be3 e6 8. O-O O-O-O 9. Nb5 Qd7 10. Be2 a6 11.
Ne5 Nxe5 12. dxe5 axb5 13. Bxg4 Qc6 14. Qe2 Nxg4 15. Qxg4 Qxc2 16. Rac1 Qxb2 17. Bb6 c6 18. Bxd8 Kxd8 19. Rfd1+ Kc8 20. Qf3 Kc7 21. Qxf7+ Kb6 22. Qe8 Bc5 23. Qxh8 Qxf2+ 24. Kh1 1-0

[Event "Early-Titled-Tuesday-Blitz-February-13-2024"]
[Site "Chess.com"]
[Date "2024.02.13"]
[Round "4"]
[White "Mr_ruthless"]
[Black "C_K_G"]
[Result "1-0"]
[WhiteElo "2490"]
[BlackElo "2124"]
[TimeControl "180+1"]
[EndTime "8:41:54 PST"]
[Termination "Mr_ruthless won by resignation"]

1. Nf3 c5 2. g3 d6 3. Bg2 Nc6 4. O-O Nf6 5. c4 e6 6. b3 Be7 7.
Bb2 O-O 8. d4 cxd4 9. Nxd4 Nxd4 10. Qxd4 Qc7 11. Nc3 Ne8 12. Rfd1 a6 13. Ne4 f5 14.
Nc3 Bf6 15. Qd2 Bd7 16. Rac1 Bc6 17. Nd5 Qf7 18. Nxf6+ gxf6 19. f3 Rd8 20. Qa5 Ng7 21. Rd2 d5 22. Rcd1 Rd7 23. cxd5 Rxd5 24. Rxd5 Bxd5 25.
e4 fxe4 26. fxe4 Bc6 27. Rf1 Qg6 28. Qc3 e5 29. Qc4+ Kh8 30. Bxe5 Qe8 31. Bxf6 Bb5 32. Qd4 Bxf1 33. Bxg7+ Kg8 34. Bxf8 Qxf8 35. Bxf1 1-0

[Event "Early-Titled-Tuesday-Blitz-February-13-2024"]
[Site "Chess.com"]
[Date "2024.02.13"]
[Round "4"]
[White "stratacticos"]
[Black "WiktoriaPOL"]
[Result "0-1"]
[WhiteElo "1967"]
[BlackElo "2269"]
[TimeControl "180+1"]
[EndTime "8:41:55 PST"]
[Termination "WiktoriaPOL won by resignation"]

1. e4 c5 2. d4 cxd4 3. c3 Nf6 4. e5 Nd5 5. Nf3 Nc6 6. Bc4 e6 7. Bxd5 exd5 8. O-O d6 9. exd6 Bxd6 10. Re1+ Be7 11. Nxd4 O-O 12. Bf4 Bf6 13. Nxc6 bxc6 14. Be5 Be6 15.
Qd4 Bxe5 16. Rxe5 Qf6 17. f4 c5 18. Qe3 Rab8 19. b3 d4 20. Qe4 Rfd8 21. c4 d3 22. g3 d2 23. Nc3 Rd4 24. Qc6 Rbd8 25.
Rd1 h6 26. Ne4 Qg6 27. Kf2 Bg4 28. Qxg6 fxg6 29. Rxd2 Rxd2+ 30. Nxd2 Rxd2+ 31. Ke3 Re2+ 32. Kd3 Rxe5 33. fxe5 Bf5+ 34. Kc3 a5 35. a3 Kf7 36.
b4 axb4+ 37. axb4 cxb4+ 38. Kxb4 Ke6 0-1

[Event "Early-Titled-Tuesday-Blitz-February-13-2024"]
[Site "Chess.com"]
[Date "2024.02.13"]
[Round "4"]
[White "BJthechessgod"]
[Black "Vaibhavraut99"]
[Result "0-1"]
[WhiteElo "2429"]
[BlackElo "2675"]
[TimeControl "180+1"]
[EndTime "8:41:57 PST"]
[Termination "Vaibhavraut99 won on time"]

1. e4 c5 2. Nf3 Nc6 3. d4 cxd4 4.
Nxd4 Nf6 5. Nc3 e5 6. Ndb5 d6 7. Nd5 Nxd5 8. exd5 Nb8 9. a4 Be7 10. Bd2 O-O 11. a5 a6 12. Na3 Bf5 13. Nc4 Nd7 14.
Be2 Bg6 15. O-O Rc8 16. b3 Nc5 17. Bb4 f5 18. Bh5 Qe8 19. Bxg6 Qxg6 20. Re1 f4 21. Nb6 f3 22. g3 Qg4 23. Re3 Bg5 24. Rxf3 Qxb4 25. Nxc8 Rxc8 26. c4 Qd2 27. Qxd2 Bxd2 28. Rd1 Bxa5 29. Kf1 Bb4 30. g4 g6 31. h4 Rf8 32. Rxf8+ Kxf8 33. Ke2 Ne4 0-1

[Event "Early-Titled-Tuesday-Blitz-February-13-2024"]
[Site "Chess.com"]
[Date "2024.02.13"]
[Round "4"]
[White "KNVB"]
[Black "Gerodot71"]
[Result "0-1"]
[WhiteElo "2880"]
[BlackElo "2620"]
[TimeControl "180+1"]
[EndTime "8:42:00 PST"]
[Termination "Gerodot71 won by checkmate"]

1. d4 Nf6 2. Bf4 e6 3. e3 Be7 4. c3 c5 5. Nd2 O-O 6. Bd3 b6 7. h3 Ba6 8. Bc2 Nc6 9. Ne2 Rc8 10. O-O d6 11. Re1 Re8 12. Bh2 Bf8 13. Ng3 Qd7 14. Nde4 Nxe4 15. Nxe4 d5 16. Ng5 g6 17.
Rc1 Bg7 18. Nf3 Qe7 19. a3 Red8 20. b4 Bb7 21. Qe2 a5 22. b5 Nb8 23. a4 Nd7 24.
Bd3 e5 25. e4 cxd4 26. cxd4 Rxc1 27. Rxc1 dxe4 28. Bxe4 exd4 29. Bd3 Qa3 30. Nd2 Qxc1+ 31. Nf1 Nc5 32. Bc4 d3 33. Qe7 Rf8 34. Bxd3 Nxd3 35.
Qxb7 Bd4 36. Bg3 Qe1 37. Qf3 Rd8 38. h4 Bc5 39. h5 gxh5 40. Qxh5 Bxf2+ 41. Kh2 Bxg3+ 42.
Nxg3 Qe5 43. Qg4+ Kh8 44. Kh3 Rg8 45. Qd7 Qxg3# 0-1

[Event "Early-Titled-Tuesday-Blitz-February-13-2024"]
[Site "Chess.com"]
[Date "2024.02.13"]
[Round "4"]
[White "Alex_Terzi"]
[Black "banhgiahuy2606"]
[Result "0-1"]
[WhiteElo "2494"]
[BlackElo "2699"]
[TimeControl "180+1"]
[EndTime "8:42:00 PST"]
[Termination "banhgiahuy2606 won by resignation"]

1. e4 e6 2. d4 d5 3. e5 c5 4.
c3 Qb6 5. Nf3 Bd7 6. a3 Bb5 7.
Bxb5+ Qxb5 8. a4 Qa6 9. dxc5 Bxc5 10. b4 Bf8 11. Na3 Qc6 12. Qd3 Ne7 13. O-O Nd7 14. Nb5 Ng6 15. Re1 Be7 16. g3 O-O 17. h4 Rfc8 18.
h5 Ngf8 19. h6 Ng6 20. Bd2 a6 21. Nbd4 Qc4 22. Qe3 a5 23. Rac1 gxh6 24. Qxh6 Bf8 25. Qh5 Bg7 26. Ng5 Ndf8 27. Bf4 axb4 28. Nb5 Nxf4 29. Qxf7+ Kh8 30. gxf4 Ng6 31. Nd6 Qxf4 32. Qxf4 Nxf4 33. Nxc8 Rxc8 34. Rb1 bxc3 35. Rxb7 c2 36. Nf7+ Kg8 37. Nd6 c1=Q 38. Rxc1 Rxc1+ 39. Kh2 Bxe5 0-1

[Event "Early-Titled-Tuesday-Blitz-February-13-2024"]
[Site "Chess.com"]
[Date "2024.02.13"]
[Round "4"]
[White "ozates"]
[Black "VeraVujovic"]
[Result "1-0"]
[WhiteElo "2583"]
[BlackElo "2237"]
[TimeControl "180+1"]
[EndTime "8:42:00 PST"]
[Termination "ozates won on time"]

1. e4 c6 2. c4 d5 3. exd5 cxd5 4. d4 Nc6 5. Nc3 Nf6 6. Bg5 e6 7. c5 h6 8. Bh4 Be7 9. Bb5 O-O 10. Nf3 Ne4 11. Bxe7 Nxe7 12. O-O f5 13. Ne5 Nxc3 14.
bxc3 Qa5 15. Qb3 a6 16. Bd7 Bxd7 17. Nxd7 Rfd8 18. Nb6 Rab8 19. Rfe1 Kf7 20. Re3 Nc6 21. Rae1 Re8 22. Nd7 Rbc8 23. g4 f4 24. Rf3 g5 25. h4 Rc7 26. Ne5+ Nxe5 27. Rxe5 Rg8 28. hxg5 hxg5 29. Rh3 Rg7 30. Rh6 Re7 31. Rexe6 Rxe6 32. Qxd5 Rg6 33. Rxg6 Kxg6 34. Qxe6+ Kg7 35. Qe5+ Kg6 36. Qf5+ Kh6 37. Qf6+ Kh7 38. Qf7+ Kh6 39. Qh5+ Kg7 40. Qxg5+ Kf7 41. Qxf4+ Ke6 42. Qe5+ Kf7 43. Qd5+ Kg6 44. Qxb7 1-0

[Event "Early-Titled-Tuesday-Blitz-February-13-2024"]
[Site "Chess.com"]
[Date "2024.02.13"]
[Round "4"]
[White "K_A_S_T_O_R"]
[Black "Andrej2004"]
[Result "1-0"]
[WhiteElo "2866"]
[BlackElo "2599"]
[TimeControl "180+1"]
[EndTime "8:42:02 PST"]
[Termination "K_A_S_T_O_R won by resignation"]

1. e4 e5 2. Nf3 Nc6 3. Bb5 a6 4. Ba4 Nge7 5. c3 g6 6. d4 exd4 7. cxd4 b5 8. Bb3 Bg7 9. d5 Na5 10. Bd2 Nxb3 11. Qxb3 O-O 12. Ba5 f5 13. d6+ Kh8 14.
dxe7 Qxe7 15. e5 d6 16. O-O dxe5 17. Rc1 c5 18. Qd5 Bb7 19. Qxc5 Qf6 20. Qb6 e4 21. Qxb7 Qxb2 22. Nbd2 exf3 23. Qxf3 Rac8 24. Rd1 Qxa1 25. Rxa1 Bxa1 26. g3 Bg7 27. Nb3 Rf6 28. Qb7 Rfc6 29.
Bd2 h6 30. Be3 R8c7 31. Qb8+ Rc8 32. Qf4 Kh7 33. h4 Rc4 34. Qf3 h5 35. Qd5 Rb8 36. Bd4 Rc7 37. Bxg7 Rxg7 38. Nc5 Rb6 39. Ne6 Re7 40. Ng5+ Kg7 41. Qd4+ Rf6 42. Kf1 Rc7 43.
Nh7 Kxh7 44. Qxf6 1-0

[Event "Early-Titled-Tuesday-Blitz-February-13-2024"]
[Site "Chess.com"]
[Date "2024.02.13"]
[Round "4"]
[White "SidArun"]
[Black "SergioMoralesG"]
[Result "1/2-1/2"]
[WhiteElo "2276"]
[BlackElo "2501"]
[TimeControl "180+1"]
[EndTime "8:42:04 PST"]
[Termination "Game drawn by repetition"]

1. d4 d5 2. Nc3 Nf6 3. Bf4 c5 4. e4 dxe4 5. dxc5 Qa5 6. Qd4 Nc6 7. Qc4 e5 8. Bg5 Bxc5 9. Bxf6 gxf6 10. Qxe4 Nd4 11. O-O-O Bf5 12. Qd5 O-O 13. Bd3 Be6 14. Qe4 Bf5 15. Qh4 Ba3 16. Ne4 Bxe4 17. Bxe4 f5 18. Qg5+ Kh8 19. Qf6+ Kg8 20. Qg5+ Kh8 21. Qf6+ Kg8 22. Qg5+ 1/2-1/2

[Event "Early-Titled-Tuesday-Blitz-February-13-2024"]
[Site "Chess.com"]
[Date "2024.02.13"]
[Round "4"]
[White "MiguelEduardoGB"]
[Black "KorolDimitriy75"]
[Result "1-0"]
[WhiteElo "2165"]
[BlackElo "2396"]
[TimeControl "180+1"]
[EndTime "8:42:04 PST"]
[Termination "MiguelEduardoGB won on time"]

1. Nf3 c5 2. e3 g6 3. c4 Bg7 4. Nc3 Nf6 5. Be2 O-O 6. O-O d5 7. d3 Nc6 8. a3 b6 9. Qc2 Bb7 10. b3 Qd7 11. Bb2 Rfd8 12. Nxd5 Nxd5 13. cxd5 Qxd5 14.
Bxg7 Kxg7 15. Qc3+ e5 16. Rfd1 Rac8 17. Rac1 a5 18.
Nd2 Nd4 19. Bf1 Ne6 20. Nc4 f6 21. Nxb6 Qc6 22. Nxc8 Qxc8 23. Qxa5 Qd7 24. Qc3 Qd5 25. a4 Ng5 26. e4 Qe6 27. Qxc5 Rd7 28. a5 Qg4 29.
Kh1 h5 30. Qe3 h4 31. h3 Qe6 32. b4 f5 33. Qxg5 1-0

[Event "Early-Titled-Tuesday-Blitz-February-13-2024"]
[Site "Chess.com"]
[Date "2024.02.13"]
[Round "4"]
[White "Storne89"]
[Black "SchmakAttack"]
[Result "1-0"]
[WhiteElo "2585"]
[BlackElo "2783"]
[TimeControl "180+1"]
[EndTime "8:42:06 PST"]
[Termination "Storne89 won by resignation"]

1. d4 d5 2. Nf3 e6 3. c3 Nf6 4. Bf4 c5 5. e3 Bd6 6. Nbd2 O-O 7. Bd3 b6 8. Ne5 Bb7 9. Qf3 Qc7 10. Qh3 Nbd7 11. Nxd7 Qxd7 12. Be5 Rfe8 13. Bxf6 gxf6 14. Qh6 f5 15. g4 Bf8 16. Qh5 f6 17. Rg1 Kh8 18.
Nf3 e5 19. Bxf5 Qg7 20. g5 Re7 21. O-O-O exd4 22. cxd4 Bc8 23. Nh4 Rc7 24. Ng6+ Kg8 25. gxf6 cxd4+ 26. Kb1 Qxf6 27. Ne7+ 1-0

[Event "Early-Titled-Tuesday-Blitz-February-13-2024"]
[Site "Chess.com"]
[Date "2024.02.13"]
[Round "4"]
[White "blitzking1729"]
[Black "kecalk"]
[Result "1-0"]
[WhiteElo "2718"]
[BlackElo "2511"]
[TimeControl "180+1"]
[EndTime "8:42:06 PST"]
[Termination "blitzking1729 won by resignation"]

1. e4 e5 2. Nf3 Nc6 3. c3 Nf6 4.
d3 d5 5. Nbd2 Bc5 6. Be2 O-O 7. b4 Bb6 8. O-O dxe4 9. dxe4 a6 10. Qc2 h6 11. Nc4 Qe7 12. Nxb6 cxb6 13. a4 Bg4 14. Be3 Qc7 15. Rac1 Rac8 16. h3 Bh5 17. Qb1 Bg6 18. Nd2 Nd7 19. f3 Nd8 20. Rfd1 Ne6 21.
Nc4 Rcd8 22. Bf1 f5 23. Rd6 Rf6 24. Rcd1 fxe4 25. fxe4 b5 26. axb5 axb5 27. Nb6 Nxb6 28. Bxb6 Qxd6 29. Bxd8 Qf8 30. Bxf6 Qxf6 31. Bxb5 Ng5 32.
Bd3 Qf4 33. Qa2+ Kh7 34. Qf2 Nxe4 35. Qxf4 exf4 36. Bxe4 Bxe4 37. Rd4 1-0

[Event "Early-Titled-Tuesday-Blitz-February-13-2024"]
[Site "Chess.com"]
[Date "2024.02.13"]
[Round "4"]
[White "Tolyanius"]
[Black "Goryachkina"]
[Result "0-1"]
[WhiteElo "2496"]
[BlackElo "2703"]
[TimeControl "180+1"]
[EndTime "8:42:07 PST"]
[Termination "Goryachkina won on time"]

1. e4 c5 2. Nf3 e6 3. b4 b6 4. bxc5 bxc5 5. Nc3 Nc6 6. Rb1 Nf6 7. Bb5 Nd4 8. e5 Nxb5 9. Nxb5 Nd5 10. O-O Be7 11. c4 Nb6 12. Qc2 O-O 13. Nd6 Bxd6 14. exd6 Bb7 15. Rb3 f6 16. Ba3 Qc8 17. Qd3 Bxf3 18. Qxf3 Nxc4 19. Rc1 Nxd2 20. Qg3 Nxb3 21. axb3 Qb7 22.
h4 Rab8 23. Rc3 Qd5 24. Kh2 Qe5 25. Qxe5 fxe5 26. Bxc5 a5 27. f3 Rfc8 28. Bd4 exd4 0-1

[Event "Early-Titled-Tuesday-Blitz-February-13-2024"]
[Site "Chess.com"]
[Date "2024.02.13"]
[Round "4"]
[White "TheCavemanChess"]
[Black "ploxoi"]
[Result "0-1"]
[WhiteElo "2667"]
[BlackElo "2445"]
[TimeControl "180+1"]
[EndTime "8:42:07 PST"]
[Termination "ploxoi won by resignation"]

1. Nf3 d5 2. g3 c6 3. Bg2 Nf6 4. O-O Bf5 5. c4 e6 6. d3 h6 7.
Qb3 Qb6 8. Be3 Qxb3 9. axb3 a6 10. Bd2 Nbd7 11. b4 Be7 12. Nd4 Bg6 13. Nb3 O-O 14. Rc1 Rfc8 15. Na5 Rab8 16. Na3 b6 17. Nb3 c5 18. b5 a5 19. Bf4 e5 20. cxd5 exf4 21. gxf4 Bd6 22. e4 Bxf4 23. Rc2 Ne5 24. Rc3 Re8 25.
Nc4 Nxc4 26. Rxc4 Rbd8 27. f3 Nd7 28. d4 cxd4 29. Kf1 Ne5 30. Rxd4 Rc8 31. d6 Red8 32. Re1 Rc4 33. Red1 f6 34. d7 Rxd4 35. Nxd4 Rxd7 36. Ke2 Bf7 37. Bh3 Bc4+ 38. Kf2 Rd6 39. Ke1 Rxd4 40. Rxd4 Nxf3+ 0-1

[Event "Early-Titled-Tuesday-Blitz-February-13-2024"]
[Site "Chess.com"]
[Date "2024.02.13"]
[Round "4"]
[White "DvaHrasta"]
[Black "giovannibrandao7"]
[Result "0-1"]
[WhiteElo "2486"]
[BlackElo "2253"]
[TimeControl "180+1"]
[EndTime "8:42:07 PST"]
[Termination "giovannibrandao7 won on time"]

1. c4 Nf6 2. g3 g6 3. Bg2 Bg7 4. Nc3 O-O 5. Nf3 c5 6. O-O Nc6 7. d4 cxd4 8. Nxd4 Ng4 9. e3 d6 10. Nxc6 bxc6 11. Bxc6 Rb8 12. Bg2 Qa5 13. Nd5 Qd8 14. Rb1 Ne5 15. Qa4 Bd7 16. Qxa7 Nxc4 17. b3 e6 18. Nf4 d5 19. bxc4 Rxb1 20. cxd5 Bb5 21. Rd1 Qc8 22. Qa3 Bb2 23. Qxb2 Rxb2 24.
Bxb2 Qc2 25. Re1 Qxb2 26. d6 Qd2 27. Rb1 Bc4 28. h4 Qxd6 0-1

[Event "Early-Titled-Tuesday-Blitz-February-13-2024"]
[Site "Chess.com"]
[Date "2024.02.13"]
[Round "4"]
[White "MatthewG-p4p"]
[Black "JiaHaoxiang"]
[Result "1-0"]
[WhiteElo "2833"]
[BlackElo "2598"]
[TimeControl "180+1"]
[EndTime "8:42:08 PST"]
[Termination "MatthewG-p4p won by resignation"]

1. e4 c5 2. c3 d5 3. exd5 Qxd5 4. d4 Nf6 5. Nf3 e6 6. Na3 Nc6 7. Be3 cxd4 8. Nb5 Qd8 9. Nbxd4 Nxd4 10. Bxd4 Be7 11.
Bd3 O-O 12. Ne5 g6 13. h4 Nd7 14. Ng4 e5 15. Nxe5 Nxe5 16. Bxe5 Bf6 17. Bg3 Re8+ 18. Kf1 Qb6 19. Qc2 Bd7 20. h5 Bb5 21. c4 Rac8 22. hxg6 fxg6 23. Rd1 Re7 24. b3 Be8 25. Be4 Bf7 26.
Rd6 Qa5 27. Rxf6 Rce8 28. f3 Qg5 29. Bh4 Qh5 30. Rd6 g5 31. g4 1-0

[Event "Early-Titled-Tuesday-Blitz-February-13-2024"]
[Site "Chess.com"]
[Date "2024.02.13"]
[Round "4"]
[White "Titus369"]
[Black "Brahianzevich"]
[Result "0-1"]
[WhiteElo "2634"]
[BlackElo "2439"]
[TimeControl "180+1"]
[EndTime "8:42:09 PST"]
[Termination "Brahianzevich won by checkmate"]

1. e4 c5 2. Nf3 d6 3. d4 cxd4 4. Nxd4 Nf6 5. Nc3 a6 6. h3 e6 7.
a4 Nbd7 8. Bc4 Qc7 9. Ba2 Nc5 10.
Qe2 Be7 11. O-O O-O 12. Kh1 b6 13. f4 Bb7 14. e5 dxe5 15. fxe5 Nfd7 16. b4 Nb3 17.
Bxb3 Qxc3 18. Be3 Nxe5 19. Nxe6 fxe6 20. Bxe6+ Kh8 21. Rxf8+ Rxf8 22. Bxb6 Qc6 23. Bd4 Qxe6 24. Qxe5 Qxh3+ 25. Qh2 Bxg2+ 26. Kg1 Qxh2+ 27. Kxh2 Bd5 28. c3 Bd6+ 29. Kh3 Rf3+ 30. Kg4 Kg8 31. Re1 Kf7 32.
c4 Rg3+ 33. Kh4 Bxc4 34. Bc5 g5+ 35. Kh5 Bxc5 36. bxc5 Kg7 37. Re5 Bf7# 0-1

[Event "Early-Titled-Tuesday-Blitz-February-13-2024"]
[Site "Chess.com"]
[Date "2024.02.13"]
[Round "4"]
[White "Iuckyducky"]
[Black "masterofpuppets2"]
[Result "0-1"]
[WhiteElo "2265"]
[BlackElo "2440"]
[TimeControl "180+1"]
[EndTime "8:42:09 PST"]
[Termination "masterofpuppets2 won by resignation"]

1. e4 c5 2. Nf3 Nc6 3. Bb5 e6 4. Bxc6 bxc6 5. O-O Ne7 6. Qe2 f6 7. d3 Ng6 8. e5 Be7 9. Na3 fxe5 10. Nxe5 Nxe5 11.
Qxe5 O-O 12. Be3 d6 13. Qg3 Bh4 14. Qg4 e5 15. Qa4 Bd7 16. Nc4 Qe7 17. Rae1 Kh8 18. Re2 Bf6 19. Rfe1 d5 20. Na5 Qd6 21. Nb7 Qc7 22. Nxc5 Bf5 23. Bd2 a5 24. Nb3 e4 25.
d4 Bg4 26. Re3 Bh4 27. Rf1 Rf6 28. Bxa5 Qa7 29. Qb4 Raf8 30. g3 Bg5 31. Qb6 Qxb6 32.
Bxb6 Bxe3 0-1

[Event "Early-Titled-Tuesday-Blitz-February-13-2024"]
[Site "Chess.com"]
[Date "2024.02.13"]
[Round "4"]
[White "Rozhkov_V"]
[Black "GameOverBro"]
[Result "0-1"]
[WhiteElo "2375"]
[BlackElo "2545"]
[TimeControl "180+1"]
[EndTime "8:42:10 PST"]
[Termination "GameOverBro won by resignation"]

1. e4 c5 2. Nf3 Nc6 3. d4 cxd4 4. Nxd4 e5 5. Nb5 d6 6. N1c3 a6 7. Na3 b5 8. Nd5 Nge7 9. c4 Nxd5 10. exd5 Nd4 11. cxb5 Be7 12. Be2 O-O 13. O-O Bb7 14. bxa6 Bxd5 15. Be3 Nxe2+ 16. Qxe2 Qa5 17. Rfd1 Be6 18.
Qb5 Qxa6 19. h3 d5 20. Rac1 d4 21. Bd2 Bxa3 22. Qxa6 Rxa6 23. bxa3 Bxa2 24. Bb4 Re8 25. Rc5 f6 26. Rc7 Be6 27. Rdc1 h5 28. Rb7 Kh7 29. Rcc7 Rg8 30. Be7 Kg6 31. Kh2 h4 32. g4 hxg3+ 33. Kxg3 Kf5 34. Bb4 g5 35. Re7 Rh8 36. f3 d3 37. Rb5 Kg6 38. h4 gxh4+ 39. Kh2 Rc8 40. Rbb7 Rc2+ 41. Kg1 d2 42. Rg7+ Kf5 43. Bxd2 Rxd2 44.
Rb4 Rxa3 45. Rb1 h3 0-1

[Event "Early-Titled-Tuesday-Blitz-February-13-2024"]
[Site "Chess.com"]
[Date "2024.02.13"]
[Round "4"]
[White "kids2010"]
[Black "Lion-Al-Messi"]
[Result "1-0"]
[WhiteElo "2827"]
[BlackElo "2586"]
[TimeControl "180+1"]
[EndTime "8:42:11 PST"]
[Termination "kids2010 won by resignation"]

1. e4 e6 2. d3 d5 3. Qe2 Nf6 4.
Nf3 b6 5. g3 Bb7 6. Bg2 Be7 7.
e5 Nfd7 8. O-O c5 9. c4 d4 10. h4 Qc7 11. Bf4 h6 12. h5 Nc6 13.
Nbd2 g5 14. hxg6 fxg6 15. Ne4 O-O-O 16. Nd6+ Kb8 17. Nxb7 Qxb7 18. g4 Rdf8 19. Bg3 h5 20. g5 Rf5 21. Qe4 Rhf8 22. Nh4 Kc7 23. Nxg6 Re8 24. Nxe7 Rxe7 25. f4 Nf8 26. Bh3 Qc8 27.
Bxf5 exf5 28. Qf3 Qe8 29. Kg2 Ng6 30. Rh1 Rh7 31. Rh3 h4 32. Be1 Nd8 33. Bd2 Ne6 34.
b3 Rd7 35. Rah1 Rh7 36. Kh2 a5 37. a3 Qd7 38. Rf1 Qc8 39. Kg1 Rh8 40. b4 axb4 41. axb4 Qa6 42. b5 Qa2 43. Qc6+ Kb8 44. Qxb6+ Ka8 45. Qxe6 Qxd2 46. Ra1+ 1-0